SL
ATHLETIC CLUB KC @ PHILADELPHIA 1776 BC
09/05/2030
 
TOP OF THE 1ST
Athletic Club KC batting - Pitching for Philadelphia 1776 BC : RHP George Frazier
Pitching: RHP George Frazier
Batting: RHB Jesús Vargas 0-0: Ball
1-0: Called Strike
1-1: SINGLE (Line Drive, 89S)
Batting: RHB Dong-min Cho 0-0: Called Strike
Jesús Vargas is caught stealing 2nd base
0-1: Ball
1-1: Ground out U3 (Groundball, 34)
Batting: LHB Tsai Ng 0-0: Ball
1-0: SOLO HOME RUN (Flyball, 9LD), Distance : 345 ft
Batting: LHB Jesús Reyes 0-0: Ball
1-0: Fly out, F2 (Popup, 2LF)
Top of the 1st over - 1 run, 2 hits, 0 errors, 0 left on base; Athletic Club KC 1 - Philadelphia 1776 0
BOTTOM OF THE 1ST
Philadelphia 1776 BC batting - Pitching for Athletic Club KC : LHP Ash Ibarra
Pitching: LHP Ash Ibarra
Batting: LHB Cliff Aldridge 0-0: DOUBLE (Flyball, 8RXD)
Batting: LHB Manoo Satyavrat 0-0: Foul Ball, location: 2F
0-1: Foul Ball, location: 2F
0-2: Fly out, F4 (Line Drive, 4)
Lined into DP, 4-6 (Line Drive, 4)
Batting: RHB Kevin Malone 0-0: Called Strike
0-1: Swinging Strike
0-2: Ball
1-2: Ball
2-2: Ball
3-2: Strikes out swinging passed ball, reaches first!
Batting: LHB Chase Popoff 0-0: Called Strike
0-1: Ball
1-1: Foul Ball, location: 2F
1-2: Foul Ball, location: 2F
1-2: Strikes out swinging
Bottom of the 1st over - 0 runs, 1 hit, 0 errors, 1 left on base; Athletic Club KC 1 - Philadelphia 1776 0
TOP OF THE 2ND
Athletic Club KC batting - Pitching for Philadelphia 1776 BC : RHP George Frazier
Batting: SHB Pedro Vázquez 0-0: Foul Ball, location: 2F
0-1: Ball
1-1: Ball
2-1: Called Strike
2-2: Strikes out swinging
Batting: LHB Manuel Domínguez 0-0: Ball
1-0: Ball
2-0: Ball
3-0: Called Strike
3-1: Foul Ball, location: 2F
3-2: Base on Balls
Batting: RHB Richard Younger 0-0: Swinging Strike
0-1: Swinging Strike
0-2: Ball
1-2: Ball
Manuel Domínguez steals 2nd base
2-2: Ball
3-2: Strikes out swinging
Batting: SHB Sang-your Yu 0-0: Ground out 5-3 (Groundball, 56)
Top of the 2nd over - 0 runs, 0 hits, 0 errors, 1 left on base; Athletic Club KC 1 - Philadelphia 1776 0
BOTTOM OF THE 2ND
Philadelphia 1776 BC batting - Pitching for Athletic Club KC : LHP Ash Ibarra
Batting: RHB John Schnatter 0-0: Called Strike
0-1: Ball
1-1: Foul Ball, location: 2F
1-2: Fly out, F6 (Popup, 6M)
Batting: RHB Fernando Rivera 0-0: Ball
1-0: Called Strike
1-1: Called Strike
1-2: Ball
2-2: Foul Ball, location: 2F
2-2: Foul Ball, location: 2F
2-2: Ground out 5-3 (Groundball, 56)
Batting: SHB Sam Quint 0-0: Ball
1-0: Foul Ball, location: 2F
1-1: Called Strike
1-2: Ground out 4-3 (Groundball, 4M)
Bottom of the 2nd over - 0 runs, 0 hits, 0 errors, 0 left on base; Athletic Club KC 1 - Philadelphia 1776 0
TOP OF THE 3RD
Athletic Club KC batting - Pitching for Philadelphia 1776 BC : RHP George Frazier
Batting: RHB Khal Drogo 0-0: Foul Ball, location: 2F
0-1: Ground out 6-3 (Groundball, 56)
Batting: RHB Jesús Vargas 0-0: Called Strike
0-1: Ground out 4-3 (Groundball, 4)
Batting: RHB Dong-min Cho 0-0: Foul Ball, location: 2F
0-1: Ball
1-1: Called Strike
1-2: Foul Ball, location: 2F
1-2: Foul Ball, location: 2F
1-2: Foul Ball, location: 2F
1-2: SINGLE (Line Drive, 4MD)
Batting: LHB Tsai Ng 0-0: Ball
Dong-min Cho steals 2nd base
1-0: Swinging Strike
1-1: Ball
2-1: Foul Ball, location: 2F
2-2: Ball
3-2: DOUBLE (Flyball, 89XD)
Dong-min Cho scores
Batting: LHB Jesús Reyes 0-0: Ball
1-0: Called Strike
1-1: Called Strike
1-2: Foul Ball, location: 2F
1-2: Ball
2-2: Foul Ball, location: 2F
2-2: Strikes out looking
Top of the 3rd over - 1 run, 2 hits, 0 errors, 1 left on base; Athletic Club KC 2 - Philadelphia 1776 0
BOTTOM OF THE 3RD
Philadelphia 1776 BC batting - Pitching for Athletic Club KC : LHP Ash Ibarra
Batting: RHB Kent Summey 0-0: Called Strike
0-1: Ball
1-1: Ball
2-1: SOLO HOME RUN (Flyball, 89XD), Distance : 408 ft
Batting: LHB Juan Montés 0-0: Ball
1-0: Ball
2-0: Foul Ball, location: 2F
2-1: Foul Ball, location: 2F
2-2: DOUBLE (Line Drive, 89D)
Batting: LHB Cliff Aldridge 0-0: Ball
1-0: Ball
2-0: Foul Ball, location: 2F
2-1: SINGLE (Flyball, 78S)
Juan Montés to third
Runner from 3rd tries for Home, SAFE, no throw
Batting: LHB Manoo Satyavrat 0-0: Ball
1-0: Fly out, F6 (Popup, 6MS)
Batting: RHB Kevin Malone 0-0: Ball
1-0: Grounds into double play, 6-4-3 (Groundball, 6)
Bottom of the 3rd over - 2 runs, 3 hits, 0 errors, 0 left on base; Athletic Club KC 2 - Philadelphia 1776 2
TOP OF THE 4TH
Athletic Club KC batting - Pitching for Philadelphia 1776 BC : RHP George Frazier
Batting: SHB Pedro Vázquez 0-0: Ball
1-0: Ball
2-0: Called Strike
2-1: SOLO HOME RUN (Line Drive, 7D), Distance : 380 ft
Batting: LHB Manuel Domínguez 0-0: Swinging Strike
0-1: Called Strike
0-2: Ball
1-2: Ground out 6-3 (Groundball, 6D)
Batting: RHB Richard Younger 0-0: Ground out 6-3 (Groundball, 6M)
Batting: SHB Sang-your Yu 0-0: Ball
1-0: Ball
2-0: Ball
3-0: Called Strike
3-1: Ground out U3 (Groundball, 3S)
Top of the 4th over - 1 run, 1 hit, 0 errors, 0 left on base; Athletic Club KC 3 - Philadelphia 1776 2
BOTTOM OF THE 4TH
Philadelphia 1776 BC batting - Pitching for Athletic Club KC : LHP Ash Ibarra
Batting: LHB Chase Popoff 0-0: Ball
1-0: Swinging Strike
1-1: Ball
2-1: Swinging Strike
2-2: Strikes out looking
Batting: RHB John Schnatter 0-0: Ball
1-0: Called Strike
1-1: Ball
2-1: Called Strike
2-2: Foul Ball, location: 2F
2-2: Ground out U3 (Groundball, 3)
Batting: RHB Fernando Rivera 0-0: Called Strike
0-1: Ball
1-1: Ball
2-1: Swinging Strike
2-2: Foul Ball, location: 2F
2-2: Foul Ball, location: 2F
2-2: Ball
3-2: Strikes out looking
Bottom of the 4th over - 0 runs, 0 hits, 0 errors, 0 left on base; Athletic Club KC 3 - Philadelphia 1776 2
TOP OF THE 5TH
Athletic Club KC batting - Pitching for Philadelphia 1776 BC : RHP George Frazier
Batting: RHB Khal Drogo 0-0: Ball
1-0: Called Strike
1-1: Ball
2-1: Ground out U3 (Groundball, 34)
Batting: RHB Jesús Vargas 0-0: Called Strike
0-1: Ball
1-1: Ball
2-1: Ball
3-1: Ground out 1-3 (Groundball, 15S)
Batting: RHB Dong-min Cho 0-0: Ball
1-0: Called Strike
1-1: Ball
2-1: Foul Ball, location: 2F
2-2: Ball
3-2: Base on Balls
Batting: LHB Tsai Ng 0-0: Ball
1-0: Ball
2-0: Called Strike
2-1: Foul Ball, location: 2F
2-2: Foul Ball, location: 2F
2-2: Ball
3-2: Strikes out swinging
Top of the 5th over - 0 runs, 0 hits, 0 errors, 1 left on base; Athletic Club KC 3 - Philadelphia 1776 2
BOTTOM OF THE 5TH
Philadelphia 1776 BC batting - Pitching for Athletic Club KC : LHP Ash Ibarra
Batting: SHB Sam Quint 0-0: Called Strike
0-1: Called Strike
0-2: Fly out, F8 (Flyball, 8RM)
Batting: RHB Kent Summey 0-0: Called Strike
0-1: Ball
1-1: Foul Ball, location: 2F
1-2: Ball
2-2: SINGLE (Groundball, 56D)
Batting: LHB Juan Montés 0-0: Ball
1-0: Called Strike
1-1: Grounds into double play, 4-6-3 (Groundball, 4)
Bottom of the 5th over - 0 runs, 1 hit, 0 errors, 0 left on base; Athletic Club KC 3 - Philadelphia 1776 2
TOP OF THE 6TH
Athletic Club KC batting - Pitching for Philadelphia 1776 BC : RHP George Frazier
Batting: LHB Jesús Reyes 0-0: Ball
1-0: Ball
2-0: Called Strike
2-1: Foul Ball, location: 2F
2-2: Ball
3-2: Base on Balls
Batting: SHB Pedro Vázquez 0-0: Called Strike
0-1: SINGLE (Groundball, 34D)
Jesús Reyes to second
Runner from 2nd tries for 3rd, SAFE, no throw
Pitching: LHP Brian Brewer
Batting: LHB Manuel Domínguez 0-0: Foul Ball, location: 2F
0-1: Foul Ball, location: 2F
0-2: Foul Ball, location: 2F
0-2: Foul Ball, location: 2F
0-2: Ball
1-2: Foul Ball, location: 2F
1-2: Fly out, F4 (Popup, P)
Batting: RHB Richard Younger 0-0: Ball
1-0: Ball
2-0: Ball
3-0: Called Strike
3-1: Called Strike
3-2: Strikes out looking
Batting: SHB Sang-your Yu 0-0: Ball
1-0: Ball
2-0: Ball
3-0: Base on Balls
Pedro Vázquez to second
Batting: RHB Khal Drogo 0-0: Ball
1-0: Ball
2-0: Fly out, F8 (Flyball, 8RS)
Top of the 6th over - 0 runs, 1 hit, 0 errors, 3 left on base; Athletic Club KC 3 - Philadelphia 1776 2
BOTTOM OF THE 6TH
Philadelphia 1776 BC batting - Pitching for Athletic Club KC : LHP Ash Ibarra
Batting: LHB Cliff Aldridge 0-0: Ball
1-0: Fly out, F7 (Flyball, 7D)
Batting: LHB Manoo Satyavrat 0-0: Ball
1-0: Ground out 4-3 (Groundball, 4)
Batting: RHB Kevin Malone 0-0: Foul Ball, location: 2F
0-1: Ball
1-1: Ball
2-1: SINGLE (Line Drive, 9LS)
Batting: LHB Chase Popoff 0-0: Called Strike
0-1: Ball
1-1: Ball
2-1: Ball
3-1: Foul Ball, location: 2F
3-2: Base on Balls
Kevin Malone to second
Batting: RHB John Schnatter 0-0: Ball
1-0: Fly out, F8 (Flyball, 8LM)
Bottom of the 6th over - 0 runs, 1 hit, 0 errors, 2 left on base; Athletic Club KC 3 - Philadelphia 1776 2
TOP OF THE 7TH
Athletic Club KC batting - Pitching for Philadelphia 1776 BC : LHP Brian Brewer
Batting: RHB Jesús Vargas 0-0: Called Strike
0-1: Ball
1-1: Foul Ball, location: 2F
1-2: Ball
2-2: Foul Ball, location: 2F
2-2: Strikes out swinging
Batting: RHB Dong-min Cho 0-0: Called Strike
0-1: Ground out 6-3 (Groundball, 6M)
Batting: LHB Tsai Ng 0-0: Called Strike
0-1: Called Strike
0-2: SINGLE (Flyball, 89S)
Pinch Hitting: RHB Pil-joong Pak 0-0: SINGLE (Line Drive, 56D)
Tsai Ng to second
Batting: SHB Pedro Vázquez 0-0: Called Strike
0-1: Ball
1-1: Foul Ball, location: 2F
1-2: SINGLE (Groundball, 6D)
Tsai Ng to third
Pil-joong Pak to second
Runner from 3rd tries for Home, SAFE, throw made home
Batting: LHB Manuel Domínguez 0-0: Called Strike
0-1: Swinging Strike
0-2: Ball
1-2: Strikes out swinging
Top of the 7th over - 1 run, 3 hits, 0 errors, 2 left on base; Athletic Club KC 4 - Philadelphia 1776 2
BOTTOM OF THE 7TH
Philadelphia 1776 BC batting - Pitching for Athletic Club KC : LHP Ash Ibarra
Now at 2B: Pil-joong Pak
Batting: RHB Fernando Rivera 0-0: Ball
1-0: Foul Ball, location: 2F
1-1: SINGLE (Flyball, 8RS)
Pitching: RHP Juan Gusmán
Batting: SHB Sam Quint 0-0: Called Strike
0-1: Swinging Strike
0-2: Strikes out looking
Batting: RHB Kent Summey 0-0: Ball
1-0: DOUBLE (Flyball, 8LD)
Fernando Rivera to third
Runner from 3rd tries for Home, SAFE, no throw
Pinch Hitting: LHB José Rodríguez 0-0: Foul Ball, location: 2F
0-1: Called Strike
0-2: Strikes out looking
Batting: LHB Cliff Aldridge 0-0: Foul Ball, location: 2F
0-1: Ball
1-1: Called Strike
1-2: Strikes out swinging
Bottom of the 7th over - 1 run, 2 hits, 0 errors, 1 left on base; Athletic Club KC 4 - Philadelphia 1776 3
TOP OF THE 8TH
Athletic Club KC batting - Pitching for Philadelphia 1776 BC : LHP Brian Brewer
Now in LF: José Rodríguez
Batting: RHB Richard Younger 0-0: Called Strike
0-1: Ball
1-1: Swinging Strike
1-2: Fly out, F8 (Flyball, 78XD)
Batting: SHB Sang-your Yu 0-0: Ball
1-0: Called Strike
1-1: Ball
2-1: Fly out, F5 (Popup, 5SF)
Batting: RHB Khal Drogo 0-0: Swinging Strike
0-1: Called Strike
0-2: Strikes out looking
Top of the 8th over - 0 runs, 0 hits, 0 errors, 0 left on base; Athletic Club KC 4 - Philadelphia 1776 3
BOTTOM OF THE 8TH
Philadelphia 1776 BC batting - Pitching for Athletic Club KC : RHP Juan Gusmán
Batting: LHB Manoo Satyavrat 0-0: Ball
1-0: Ball
2-0: Called Strike
2-1: SINGLE (Flyball, 78M)
Batting: RHB Kevin Malone 0-0: Called Strike
0-1: Ball
1-1: Foul Ball, location: 2F
1-2: Ball
2-2: Strikes out swinging
Batting: LHB Chase Popoff 0-0: Ball
1-0: Fly out, F9 (Flyball, 9)
Batting: RHB John Schnatter 0-0: Foul Ball, location: 2F
0-1: Ball
1-1: Foul Ball, location: 2F
1-2: Ball
2-2: Ball
3-2: Base on Balls
Manoo Satyavrat to second
Batting: RHB Fernando Rivera 0-0: Swinging Strike
0-1: Foul Ball, location: 2F
0-2: Foul Ball, location: 2F
0-2: Ball
1-2: Strikes out swinging
Bottom of the 8th over - 0 runs, 1 hit, 0 errors, 2 left on base; Athletic Club KC 4 - Philadelphia 1776 3
TOP OF THE 9TH
Athletic Club KC batting - Pitching for Philadelphia 1776 BC : LHP Brian Brewer
Batting: RHB Jesús Vargas 0-0: Foul Ball, location: 2F
0-1: Ball
1-1: Fly out, F6 (Popup, 6MS)
Batting: RHB Dong-min Cho 0-0: SINGLE (Line Drive, 4D)
Pitching: LHP Pedro Garza
Batting: LHB Tsai Ng 0-0: Ball
1-0: Foul Ball, location: 2F
1-1: Called Strike
1-2: Ball
2-2: Ball
3-2: Foul Ball, location: 2F
3-2: Fly out, F3 (Popup, 3SF)
Batting: RHB Pil-joong Pak 0-0: Ball
Dong-min Cho is caught stealing 2nd base
Top of the 9th over - 0 runs, 1 hit, 0 errors, 0 left on base; Athletic Club KC 4 - Philadelphia 1776 3
BOTTOM OF THE 9TH
Philadelphia 1776 BC batting - Pitching for Athletic Club KC : RHP Juan Gusmán
Batting: SHB Sam Quint 0-0: Called Strike
0-1: Ball
1-1: Foul Ball, location: 2F
1-2: Strikes out swinging
Batting: RHB Kent Summey 0-0: Ball
1-0: Ball
2-0: Ball
3-0: Base on Balls
Batting: LHB José Rodríguez 0-0: Ball
1-0: Called Strike
1-1: Ball
2-1: Called Strike
2-2: Strikes out swinging
Batting: LHB Cliff Aldridge 0-0: Called Strike
0-1: Ball
1-1: Swinging Strike
1-2: Ball
2-2: Strikes out looking
Bottom of the 9th over - 0 runs, 0 hits, 0 errors, 1 left on base; Athletic Club KC 4 - Philadelphia 1776 3
Sunday, March 18th, 2018 - OOTP Baseball 18.8 Build 76